[Event "ESP-ch Teams Honor 2024"]
[Site "Melilla"]
[Date "2024.10.15"]
[Round "4.20"]
[White "Korobov, Anton"]
[Black "Santos Latasa, Jaime"]
[Result "1/2-1/2"]
[ECO "A45"]
[WhiteElo "2660"]
[BlackElo "2621"]
[Annotator "TA"]
[PlyCount "109"]
[EventDate "2024.10.11"]
[EventType "team-tourn"]
[EventCountry "ESP"]
[SourceTitle "playchess.com"]
[Source "ChessBase"]
[SourceQuality "1"]
[WhiteTeam "Silla"]
[BlackTeam "Extremadura"]
[TimeControl "5400+30"]

1. d4 Nf6 2. Bg5 e6 3. c3 h6 4. Bh4 c5 5. e3 cxd4 6. exd4 Be7 7. Nd2 Nc6 8. Ngf3 O-O 9. Bd3 Nh5 10. Bg3 g6 11. Qe2 Kg7 12. O-O-O d6 13. h4 Nxg3 14. fxg3 Bd7 15. h5 g5 16. g4 Qc7 17. Kb1 d5 18. Ne5 Bd6 19. Nxd7 Qxd7 20. Rhf1 a6 21. Bc2 b5 22. Qf3 Rh8 23. Ne4 Ra7 24. Nxg5 Qe7 25. Nh3 Rc7 26. Rf2 b4 27. Rdf1 bxc3 28. Qd3 Nd8 29. g5 Qe8 30. Rf6 $2 (30. Qxa6 Qc6 31. Qd3 cxb2 $18) (30. bxc3 Qb5+ 31. Qxb5 axb5 $14) (30. gxh6+ Rxh6 31. Qf3 (31. bxc3 Qb5+ 32. Qxb5 axb5 $11) (31. Qxa6 Qe7 $16) 31... Rb7 $18) (30. Qe3 $18) 30... Qb5 $16 31. Rg6+ $1 Kf8 32. Qxb5 (32. gxh6 $2 Qxb2#) 32... axb5 33. Rxh6 (33. gxh6 Ke8 34. Rg4 (34. Rgf6 Be7 $11) 34... Rxh6 $14) 33... Kg7 34. Rxh8 Kxh8 35. Nf4 cxb2 36. h6 $1 (36. Kxb2 $6 Nc6 $14) 36... Rc4 (36... Kg8 $16 37. Kxb2 Rc4) 37. g6 $1 $18 (37. Kxb2 Rxd4 38. g3 Rd2 $11) (37. Ne2 Be7) 37... fxg6 (37... Rxd4 38. g7+ Kg8 39. Nh5 f5 40. Nf6+ (40. Kxb2 Be5 $11) 40... Kf7 41. g8=Q+ (41. g8=B+ Kxf6 42. Rh1 Bf8 $17) 41... Ke7 42. Qe8+ (42. Kxb2 Rb4+ 43. Bb3 Nf7 $18) (42. Qg7+ Nf7 $18) 42... Kxf6 43. Qxd8+ (43. h7 Nf7 44. h8=Q+ Nxh8 45. Qxh8+ Kg6 46. Qxd4 Bf8 47. Bxf5+ exf5 48. Qxd5 f4)) 38. Nxg6+ (38. Kxb2 Kh7 $11) 38... Kh7 39. Rh1 (39. Kxb2 Kxh6 40. Nf4 Kg7 $11 (40... Rxd4 41. Nxe6 Rb4+ 42. Kc1 $11)) 39... Rxd4 (39... Rxc2 40. Kxc2 Nc6 41. Kxb2 (41. Nh4 Nxd4+ 42. Kxb2 Bf4 $18) 41... Nxd4 42. Nh4) 40. g4 Rd2 (40... Nf7 $2 41. Ne5+ (41. Kxb2 Ng5 $11) 41... Re4 42. Nxf7 $18 (42. Bxe4+ dxe4 43. Nxf7 Be7 $18)) 41. Nh4+ $1 (41. Kxb2 $6 Nf7 $15 (41... Rxc2+ $2 42. Kxc2 Kxg6 43. h7 $18)) 41... Kh8 42. Ng6+ (42. Kxb2 $6 Nc6 $11) (42. g5 $1 $16 {Black must now prevent Ng6+.} Rh2 43. Rxh2 Bxh2 44. Ng6+ (44. Kxb2 Nf7 $11) 44... Kg8 45. Kxb2) 42... Kh7 $14 43. Nh4+ (43. g5 $14 Rxc2 44. Kxc2) 43... Kh8 $1 $16 {[%emt 0:00:04] [#]} 44. g5 $1 (44. Kxb2 $6 Nc6 $11) 44... Rh2 (44... Nf7 $16 {was necessary.}) 45. Ng6+ $18 (45. Rxh2 $6 Bxh2 46. Ng6+ (46. Kxb2 Nf7 $14) 46... Kg8 $18) 45... Kg8 46. Ne7+ Kf8 47. Ng6+ Kg8 48. Ne7+ Kf8 $1 49. Rxh2 Bxh2 {[%emt 0:00:05] [#]} 50. g6 $1 (50. Ng6+ Kg8 $11) 50... Be5 (50... Kxe7 $2 {is the wrong capture.} 51. g7 $18) 51. Nc8 $2 (51. g7+ $18 {is the precise move to win.} Bxg7 52. hxg7+ (52. Ng6+ Kg8 $18) 52... Kxg7 53. Kxb2) 51... Bd4 (51... Nc6 $16) 52. a3 $2 (52. g7+ $18 Bxg7 53. hxg7+ Kxg7 54. a3 (54. Kxb2 Kf6 $18)) 52... Bc5 $1 $11 53. Kxb2 Nc6 54. a4 bxa4 55. Bxa4 1/2-1/2

[Event "ESP-ch Teams Honor 2024"]
[Site "Melilla"]
[Date "2024.10.15"]
[Round "4.21"]
[White "Perez Candelario, Manuel"]
[Black "Yuffa, Daniil"]
[Result "0-1"]
[ECO "C17"]
[WhiteElo "2588"]
[BlackElo "2608"]
[Annotator "TA"]
[PlyCount "116"]
[EventDate "2024.10.11"]
[EventType "team-tourn"]
[EventCountry "ESP"]
[SourceTitle "playchess.com"]
[Source "ChessBase"]
[SourceQuality "1"]
[WhiteTeam "Extremadura"]
[BlackTeam "Silla"]
[TimeControl "5400+30"]

1. e4 e6 2. d4 d5 3. Nc3 Bb4 4. e5 c5 5. Bd2 Ne7 6. a3 Bxc3 7. Bxc3 Nbc6 {[%emt 0:06:16] C17: French: 3 Nc3 Bb4 4 e5 c5 sidelines.} 8. Nf3 b6 9. h4 $146 ({Predecessor:} 9. Bb5 a6 10. Bxc6+ Nxc6 11. O-O a5 12. Qd2 Qe7 13. Rfe1 Ba6 14. h4 h6 15. h5 {½-½ Zilka,S (2609)-Shevchenko,K (2665) EU-chT 24th Budva 2023 (3.6)}) 9... a5 10. h5 h6 11. Bb5 Ba6 12. Bxc6+ Nxc6 13. Qd2 Rc8 14. Rh3 Ne7 15. g4 Qd7 16. a4 Qc6 17. Rg3 Kd7 18. b3 c4 19. Nh4 (19. Ng1 $11 {remains equal.}) 19... cxb3 $17 20. cxb3 b5 (20... g6 $17) 21. Bxa5 $11 bxa4 22. Qb4 ({Much worse is} 22. bxa4 Qc4 23. Kd1 Ra8 $17) 22... axb3 23. Rxb3 Ra8 24. Rc3 Bc4 25. Rca3 (25. Rcc1 $11) 25... Rhb8 $15 26. Qc3 Qb5 27. Nf3 Bf1 28. Qc2 (28. Ng1 $1 $15 Nc6 29. f4) 28... Nc6 $1 $17 29. Bc3 Rxa3 $1 30. Rxa3 Qc4 31. Ng1 $2 (31. Kd1 $17 {was the crucial defense.}) 31... Bd3 32. Qa4 Rb1+ 33. Kd2 Qxa4 $2 (33... Rxg1 34. Qa8 Rb1 (34... Rxg4 35. Qb7+ Ke8 36. Ra8+ Nd8 37. Qb8)) 34. Rxa4 $19 Rxg1 35. Kxd3 Rxg4 36. Ra8 Rf4 $1 37. Ke3 Re4+ (37... Rh4 $19 38. Bb2 Rh3+ (38... Rxh5 $2 39. Ba3 $17) 39. Kd2 Rxh5) 38. Kd3 $17 Rh4 39. Rg8 Rxh5 40. Rxg7 Rh3+ 41. Rg3 Rh2 42. f3 (42. Rg7 $1 $15) 42... h5 ({Black should try} 42... Ne7 $1 $19 43. Rg7 Ke8) 43. Rg7 $17 Ke7 44. Bd2 Rh3 45. Ke3 Rh4 46. Bc3 Rh1 47. Rg8 {[%emt 0:01:41] [#]} (47. Bb2 $17) 47... h4 $1 $19 48. Rc8 Kd7 49. Rf8 h3 ({Black should play} 49... Ne7 $19 {aiming for ...h3.} 50. Rxf7 Ke8) 50. Rxf7+ $17 Ke8 51. Rh7 h2 52. Bd2 Ne7 53. Ke2 (53. Kf2 $17) 53... Nf5 $19 54. Bf4 $2 (54. Kd3) 54... Nxd4+ $19 55. Kf2 {[%emt 0:00:08] [#]} (55. Kd2 $142) 55... Nxf3 $1 $19 56. Rh6 Kf7 57. Bg3 (57. Kxf3 $142 Rf1+ 58. Kg2 Rxf4 59. Kxh2) 57... Ra1 $19 58. Kg2 Rg1+ 0-1

[Event "ESP-ch Teams Honor 2024"]
[Site "Melilla"]
[Date "2024.10.15"]
[Round "4.22"]
[White "Alonso Rosell, Alvar"]
[Black "Oro, Faustino"]
[Result "1-0"]
[ECO "A14"]
[WhiteElo "2550"]
[BlackElo "2434"]
[Annotator "TA"]
[PlyCount "101"]
[EventDate "2024.10.11"]
[EventType "team-tourn"]
[EventCountry "ESP"]
[SourceTitle "playchess.com"]
[Source "ChessBase"]
[SourceQuality "1"]
[WhiteTeam "Silla"]
[BlackTeam "Extremadura"]
[TimeControl "5400+30"]

1. Nf3 Nf6 2. g3 d5 3. Bg2 e6 4. c4 Be7 5. O-O O-O 6. d4 a5 7. Qc2 {[%emt 0:00:09] E06: Closed Catalan: Early deviations.} Nc6 8. Bd2 Ne4 $146 ({Predecessor:} 8... Bd7 9. a3 a4 10. cxd5 exd5 11. Nc3 h6 12. Bf4 Re8 13. Rad1 Qc8 14. Be5 Bf5 {1-0 Dhulipalla,B (2396)-Elgersma,O (2310) Rome City op 5th 2023 (6)}) 9. Rd1 Nb4 10. Qc1 Nxd2 11. Nbxd2 c6 12. a3 Na6 13. e4 Qb6 14. Qc2 Bf6 15. e5 Be7 16. Nf1 Bd7 17. Ne3 Rfc8 18. Qd3 Qd8 19. h4 Nc7 20. Rac1 h6 21. Nd2 h5 22. Qe2 g6 23. g4 Bxh4 24. gxh5 Qg5 25. hxg6 Qxg6 26. Kh2 Bg5 27. Bh3 $2 (27. Qg4 $11) 27... Kf8 ({Black should try} 27... f5 $1 $17 28. exf6 Kf7) 28. Qf3 (28. Rg1 $11) 28... Ke7 $1 $17 29. Rg1 Qh6 30. Rxg5 Qxg5 31. Rg1 Qh4 $1 (31... Qh6 $2 32. Ng4 Qg7 (32... Qxd2 33. Qf6+ Kf8 34. Nh6) 33. Qf6+ (33. Nf6 Qh6 $18) 33... Qxf6 34. exf6+ Kd8 35. Ne5 $18) 32. Rg4 Qh8 ({Better is} 32... Qh6 $17 {And now ...Rh8 would win.} 33. Rg3 Rh8) 33. Rf4 (33. Qf4 $1 $11 Rg8 34. Rh4) 33... Rf8 $17 34. Ng4 (34. c5 $17) 34... Ne8 (34... dxc4 $1 $19 {and Black stays clearly on top. Hoping for ...Nd5.} 35. Rf6 Nd5 36. Nxc4 Kd8) 35. Qb3 (35. a4 $17 {was worth a try.}) 35... Rb8 $2 (35... f5 $19 36. Ne3 Qh6) 36. Qb6 $15 Qg7 $2 (36... f5 $15 {keeps the upper hand.} 37. cxd5 fxg4 38. Qc5+ Kd8 39. Rxf8 Qxh3+ 40. Kg1 cxd5 41. Qb6+ Ke7 42. Qc5+ Kd8 43. Qb6+ Ke7 44. Qc5+ Kd8) 37. Nf3 (37. Nf6 $16 {cxd5 is the strong threat.} Rh8 38. cxd5 Rxh3+ (38... cxd5 39. Qc5+ Kd8 40. Nxd7 $11) 39. Kxh3 exd5+ 40. Nxd7 Qh7+ 41. Rh4 Qd3+ 42. Kg2 Qg6+ 43. Kh2 Kxd7 44. Qa7 (44. Qxa5 Qf5 $11)) 37... Rh8 38. Nf6 Qh6 39. Rh4 Qf8 $2 {[%emt 0:00:05] [#]} (39... Qg7 $1 $14 40. Rg4 (40. Qxa5 $2 Rxh4 41. Qb4+ Kd8 $19) 40... Qf8) 40. Qxa5 $2 (40. cxd5 $1 $18 {White threatens d6+ and mate.} Nxf6 41. exf6+ Ke8 (41... Kxf6 $2 42. Ne5 $18) 42. dxc6 (42. Qxa5 $2 Rxh4 43. Nxh4 Qd6+ 44. Kg1 exd5 $19) (42. Qc7 Rc8 $15) 42... Rxh4 (42... Bxc6 43. Qc7 Rd8 44. Rxh8 Rd7 45. Rxf8+ Kxf8 46. Qc8+) 43. cxd7+ Kxd7 44. Qb5+ (44. Nxh4 Qd6+ 45. Qxd6+ Kxd6 $18) 44... Kc7 45. Qxa5+ (45. Nxh4 Qd6+ 46. Qe5 Rh8 $18) 45... b6 46. Qe5+ Kb7 47. Nxh4) 40... Nxf6 $11 (40... dxc4 $6 41. Ng5 Nxf6 42. exf6+ Ke8 (42... Kxf6 $2 43. Qe5+ Ke7 44. Ne4 $18) 43. Qe5 $16) 41. exf6+ Ke8 $1 42. Qc7 Rc8 43. Qf4 Rxh4 44. Qxh4 c5 $2 (44... dxc4 $11 45. Ne5 Kd8) 45. Ne5 $16 cxd4 $2 (45... dxc4 $16 46. d5 Kd8) 46. cxd5 $18 (46. Qxd4 Qh6 $11) 46... Rc5 47. dxe6 $1 ({Stronger than} 47. Qxd4 Rxd5 48. Qe3 Qd6 $17) 47... Rxe5 48. exd7+ (48. e7 $142 Qg8 49. Qxd4) 48... Kd8 $18 {[%emt 0:00:03] [#]} 49. Kg2 $1 ({Weaker is} 49. Qxd4 Qc5 50. Qf4 Qd6 $11) 49... Rc5 $2 (49... Rd5 $18) 50. Qg3 ({Worse is} 50. Qxd4 Rg5+ 51. Kf3 Qc5 $11) 50... Rc7 51. Qg7 1-0

[Event "ESP-ch Teams Honor 2024"]
[Site "Melilla"]
[Date "2024.10.15"]
[Round "4.23"]
[White "Shuvalova, Polina"]
[Black "Khademalsharieh, Sarasadat"]
[Result "1-0"]
[ECO "C54"]
[WhiteElo "2472"]
[BlackElo "2478"]
[Annotator "TA"]
[PlyCount "89"]
[EventDate "2024.10.11"]
[EventType "team-tourn"]
[EventCountry "ESP"]
[SourceTitle "playchess.com"]
[Source "ChessBase"]
[SourceQuality "1"]
[WhiteTeam "Extremadura"]
[BlackTeam "Silla"]
[TimeControl "5400+30"]

1. e4 e5 2. Nf3 Nc6 3. Bc4 Bc5 4. d3 Nf6 5. c3 a6 6. O-O d6 7. Bg5 {[%emt 0:00:27] C54: Giuoco Piano: 4 c3 Nf6, main lines with 5 d4 and 5 d3.} h6 8. Bh4 Ba7 9. Nbd2 g5 {[%emt 0:04:18] 9...Qe7 deserves study.} 10. Bg3 O-O 11. a4 {[%emt 0:04:00] 11.Bb3 is not played anymore.} Nh7 12. Kh1 Qf6 13. b4 Ne7 14. b5 $146 ({Predecessor:} 14. d4 Ng6 15. Bb3 h5 16. dxe5 dxe5 17. Nc4 Bg4 18. h3 Rad8 19. hxg4 Rxd1 20. Raxd1 hxg4 21. Nfxe5 Nxe5 22. Nxe5 {½-½ Valenzuela Gomez,F (2361)-Lazaro Pujol,A (2348) Platja d'Aro 2022 (7)}) 14... axb5 15. axb5 Bd7 16. d4 Ng6 17. h3 (17. Bd5 $1 $14 Bxb5 18. Bxb7 Bxf1 19. Nxf1) 17... h5 18. Nb3 exd4 (18... Qe7 $1 $11) 19. cxd4 $16 (19. Nbxd4 $6 Bb6 $11) 19... g4 20. e5 Qg7 21. Nh4 Nxh4 22. Bxh4 dxe5 23. dxe5 Be6 (23... gxh3 $14 24. Rg1 (24. Qxd7 $2 Qxg2#) 24... Bg4) 24. Bxe6 $16 fxe6 {[%emt 0:00:03] [#]} 25. hxg4 $1 Qxg4 26. Qxg4+ hxg4 27. Ra4 Bb6 28. Rxg4+ Kh8 29. f4 Rf7 30. Rg6 (30. Rd1 $18) 30... Be3 $16 31. g3 (31. Rxe6 Rxf4 32. Rxf4 Bxf4) 31... Ra3 $2 (31... Nf8 $16 32. Bf6+ Kh7) 32. Kg2 $18 (32. Rb1 Nf8 33. Bf6+ Kh7 $16) 32... Rg7 33. Rxe6 Rxb3 {[%emt 0:00:54] [#]} 34. Re8+ $1 Rg8 35. Re7 Ra8 ({And not} 35... Rxb5 36. Bf6+ (36. Rxc7 Rg7 $16) (36. Rxc7 Rg7 $16)) 36. Rxc7 Kg8 37. Rxb7 Nf8 $2 (37... Ra7 {was necessary.}) 38. f5 $18 Ra2+ 39. Kh3 Ra7 40. Rxa7 Bxa7 41. e6 Re3 (41... Rxb5 $142 42. Rf4 Rb1 43. Rg4+ Kh7) 42. Ra1 Bc5 43. Rc1 (43. Ra8 $142 Kh7 44. e7 Bxe7 45. Ra7 (45. Bxe7 Rxe7 46. Rxf8 Rb7 $18)) 43... Re5 $18 44. Kg4 Kh7 45. Bf6 1-0

[Event "ESP-ch Teams Honor 2024"]
[Site "Melilla"]
[Date "2024.10.15"]
[Round "4.24"]
[White "Valera Raga, Jesus Alberto"]
[Black "Garrido Outon, Alex"]
[Result "1-0"]
[ECO "A60"]
[WhiteElo "2088"]
[BlackElo "2448"]
[Annotator "TA"]
[PlyCount "63"]
[EventDate "2024.10.11"]
[EventType "team-tourn"]
[EventCountry "ESP"]
[SourceTitle "playchess.com"]
[Source "ChessBase"]
[SourceQuality "1"]
[WhiteTeam "Silla"]
[BlackTeam "Extremadura"]
[TimeControl "5400+30"]

1. d4 Nf6 2. c4 c5 3. d5 e6 4. Nc3 exd5 5. cxd5 d6 6. Qb3 (6. e4 $16) 6... a6 {[%emt 0:05:35] Fout (0.6)} (6... g6 $11) 7. a4 $1 $16 {[%emt 0:00:35] Sterk} g6 {[%emt 0:00:31] OK} 8. Nf3 {[%emt 0:04:52] OK. Wit staat iets beter.} Bg7 {[%emt 0:00:10] Onnauwkeurig} 9. Nd2 {[%emt 0:01:56] OK} Ng4 {[%emt 0:18:44] Onnauwkeurig} 10. Nc4 Ne5 {[%emt 0:00:28] OK} {Beter is} 11. Bf4 {[%emt 0:12:16] Fout (1.2)} (11. Nb6 $14 c4 12. Nxc4 (12. Qb4 Nbc6 $15)) 11... Nxc4 $15 {[%emt 0:05:39] Beste (Gemakkelijk)} 12. Qxc4 O-O {[%emt 0:00:36] Beste (Gemakkelijk)} 13. a5 {[%emt 0:06:09] blijft gelijk. Fout (0.6)} (13. Qd3 $11) {Zwart zou moeten spelen} 13... Re8 {[%emt 0:11:11] Fout (0.5)} (13... b5 $17 14. axb6 Qxb6) 14. e3 {[%emt 0:06:57] OK} b5 {[%emt 0:20:00] OK} 15. axb6 {[%emt 0:04:32] Beste (Gemakkelijk)} g5 {[%emt 0:01:27] is het overwegen waard. Fout (0.5)} (15... Qxb6 $15 16. Qa4 Nd7) 16. Bg3 Qxb6 {[%emt 0:00:05] Beste (Gemakkelijk)} 17. Ra2 {[%emt 0:05:58] [#] Onnauwkeurig} (17. Qa4 $5 Bd7 18. Qc2 $11) 17... Nc6 {[%emt 0:01:42] [#] Houdt de partij in balans. Fout (1.3)} 18. Qa4 $1 $16 {[%emt 0:08:46] Sterk} (18. dxc6 Be6 19. Qd3 (19. Rxa6 $2 Rxa6 20. Qxa6 Qxb2 $19) 19... Bxc3+ (19... Qxc6 $2 20. Ra3 $18) (19... Bxa2 20. Nxa2 Qa5+ 21. Nc3 $17) 20. Qxc3 Bxa2 $17) 18... Bf5 $1 {[%emt 0:20:31] ...Bxc3+ is de sterke dreiging. Sterk} 19. dxc6 {[%emt 0:04:45] Beste (Gemakkelijk)} Bxc3+ {[%emt 0:00:04] OK} 20. bxc3 Qb1+ {[%emt 0:00:02] Beste (Gemakkelijk)} 21. Kd2 {[%emt 0:00:13] Beste (Gemakkelijk)} Re4 $2 {[%emt 0:00:56][%mdl 8192] Blijft standvastig. Dit kost Zwart de partij. Verliest partij (5.1)} (21... Rab8 $16 22. c7 (22. Qxa6 $2 {te hebberig.} Rb2+ 23. Rxb2 Qxb2+ 24. Ke1 Qxc3+ 25. Ke2 Rb8 $19) 22... Rb2+ 23. Rxb2 Qxb2+ 24. Kd1 (24. Ke1 Bd7 $11) 24... Qb1+ 25. Ke2 Bd7) 22. Qa3 $18 {[%emt 0:02:36] OK} (22. Qc2 Rd4+ 23. cxd4 Bxc2 24. Rxc2 Qb4+ 25. Ke2 cxd4 $16) 22... Rb8 {[%emt 0:00:44] Onnauwkeurig} 23. c7 {[%emt 0:05:01] OK} (23. Qxa6 $2 {slaat de verkeerde figuur.} Rb2+ 24. Rxb2 Qxb2+ 25. Kd1 Qb3+ 26. Kd2 Ra4 $19) 23... Rb3 24. c8=Q+ ({Sterker dan} 24. Qxa6 Rb2+ 25. Rxb2 Qxb2+ 26. Kd1 Rd4+ 27. exd4 (27. cxd4 Bc2+ 28. Ke2 Be4+ 29. Kd1 Qb1+ 30. Ke2 Qb2+ 31. Ke1 Qc3+ 32. Kd1 Qc2+ 33. Ke1 Qb1+ 34. Ke2 Qc2+ 35. Ke1 Qc3+ 36. Ke2 Qc2+ 37. Ke1 $11) 27... Qc2+ 28. Ke1 Qxc3+ 29. Kd1 (29. Ke2 Qc2+ 30. Ke1 Qb1+ 31. Ke2 Qc2+ 32. Ke1 Qb1+ 33. Kd2 Qc2+ 34. Ke1 $11) 29... Qb3+ 30. Ke2 Qc2+ 31. Ke1 Qb1+ 32. Kd2 Qb2+ 33. Ke3 Qxd4+ 34. Ke2 Qe4+ 35. Kd2 Qb4+ 36. Kd1 Qb3+ 37. Ke2 Qc2+ 38. Ke1 (38. Ke3 Qe4+ 39. Kd2 Qc2+ 40. Ke3 Qe4+ 41. Kd2 $11) 38... Qc3+ 39. Ke2 Qc2+ 40. Ke3 Qc1+ 41. Ke2 (41. Kf3 g4+ 42. Ke2 Qc2+ 43. Ke1 Qc1+ 44. Ke2 Qc2+ 45. Ke1 Qc3+ 46. Kd1 Qc2+ 47. Ke1 $11) 41... Qc2+ $11) 24... Bxc8 {[%emt 0:01:29] [#]} 25. Bd3 $1 Qxh1 (25... Rxa3 26. Bxb1) 26. Qxb3 Re8 27. Qa4 Rd8 28. Qe4 Be6 29. Qxh7+ {[%emt 0:00:40] Wit zet mat.} Kf8 30. Qh6+ Ke8 31. Rxa6 c4 {[%emt 0:02:30] [#]} 32. Ra7 $1 {[%emt 0:00:49] Blunder waarde: Wit=0.60/Zwart=1.39.  Verliest partij:   	---       	Zwart=1      Fout:        	Wit=2      	Zwart=4      Onnauwkeurig:    	Wit=1      	Zwart=3      OK:         	Wit=5      	Zwart=4      Beste:        	Wit=3      	Zwart=4      Sterk:        	Wit=2      	Zwart=1} 1-0

[Event "ESP-ch Teams Honor 2024"]
[Site "Melilla"]
[Date "2024.10.16"]
[Round "5.5"]
[White "Khademalsharieh, Sarasadat"]
[Black "Trigo Urquijo, Sergio"]
[Result "1/2-1/2"]
[ECO "A14"]
[WhiteElo "2478"]
[BlackElo "2384"]
[Annotator "RC"]
[PlyCount "61"]
[EventDate "2024.10.11"]
[EventType "team-tourn"]
[EventCountry "ESP"]
[SourceTitle "playchess.com"]
[Source "ChessBase"]
[SourceQuality "1"]
[WhiteTeam "Silla"]
[BlackTeam "Sestao"]
[TimeControl "5400+30"]

1. c4 e6 2. g3 d5 3. Bg2 Nf6 4. Nf3 Be7 5. O-O O-O 6. b3 c5 7. cxd5 Nxd5 8. Bb2 Nc6 9. Nc3 Bf6 10. Qb1 b6 11. h4 h6 12. Nxd5 exd5 13. d4 cxd4 14. Qd3 a5 15. Nxd4 Bxd4 16. Bxd4 Ba6 17. Qd2 Nxd4 18. Qxd4 Bxe2 19. Rfe1 Ba6 20. Bxd5 Bb7 21. Re5 Qc7 22. Bxb7 Qxb7 23. Rb5 Rab8 24. Rd1 Rfe8 25. Rd5 Re2 26. a4 Rbe8 27. Qc3 Re1+ 28. Rxe1 Rxe1+ 29. Qxe1 Qxd5 30. Qe8+ Kh7 31. Qe3 1/2-1/2

[Event "ESP-ch Teams Honor 2024"]
[Site "Melilla"]
[Date "2024.10.16"]
[Round "5.8"]
[White "Santos Latasa, Jaime"]
[Black "Van Foreest, Jorden"]
[Result "1/2-1/2"]
[ECO "D10"]
[WhiteElo "2621"]
[BlackElo "2697"]
[Annotator "TA"]
[PlyCount "70"]
[EventDate "2024.10.11"]
[EventType "team-tourn"]
[EventCountry "ESP"]
[SourceTitle "playchess.com"]
[Source "ChessBase"]
[SourceQuality "1"]
[WhiteTeam "Extremadura"]
[BlackTeam "Andreu"]
[TimeControl "5400+30"]

1. d4 d5 2. c4 c6 3. cxd5 cxd5 4. Nc3 Nf6 5. Bf4 Nc6 6. e3 Bf5 7. Qb3 Na5 8. Qa4+ Bd7 9. Qc2 {[%emt 0:00:04] With the idea Nb5.} e6 10. Nf3 Bb4 11. Bd3 {[%emt 0:00:38] Repels Ne4} Rc8 12. O-O Nh5 13. Bg5 (13. Bxh7 Nxf4 14. exf4 Nc4 $17) 13... f6 {[%emt 0:04:54] [#]} 14. Bxh7 $1 {[%emt 0:02:44] Black must now prevent Ne5.} fxg5 (14... Bxc3 15. bxc3) 15. Qg6+ Kf8 $1 16. Qxh5 Be8 17. Qg4 $36 {[%emt 0:00:43][%mdl 2048] White has good play.} (17. Qxg5 $2 Rxh7 18. Ne2 Rh6 $19 (18... Qxg5 19. Nxg5 Rh6 20. Nf4 $19)) (17. Qh3 Bxc3 (17... g4 18. Qxg4 Rxh7 19. Ng5 $11) 18. bxc3 Qe7 $17) 17... Rxh7 18. Nxg5 (18. Qxe6 $2 Bxc3 19. Rfc1 Rh6 20. Qf5+ Rf6 $19) 18... Rh6 {[%emt 0:00:32] Hoping for ...Kg8.} 19. Nxe6+ Rxe6 20. Qxe6 Bf7 21. Qf5 Bxc3 (21... Rc6 $14) 22. Rac1 ({Much weaker is} 22. bxc3 $6 Nc4 $11) 22... g6 23. Qh3 Kg7 {[%emt 0:00:06][%cal Oc8c6] [#]} 24. Rxc3 ({Don't take} 24. bxc3 Nc4 $14) (24. f4 $1 $16) 24... Rxc3 $14 25. bxc3 Nc4 26. Qg4 {[%emt 0:03:26] The position is equal.} Qa5 $1 27. h4 Qxa2 28. h5 {[%emt 0:00:43] Strongly threatening Qg5.} Qc2 29. hxg6 Qxg6 30. Qf4 a5 31. f3 a4 32. Kf2 a3 33. Rh1 Qc2+ 34. Kg3 {[%emt 0:00:06] Intending Qh6+ and mate. Chess con chili.} Qg6+ ({Stronger than} 34... Qxc3 35. Qh6+ Kg8 36. Qh8#) 35. Kf2 Qc2+ {[%emt 0:00:26] Weighted Error Value: White=0.03 (flawless) /Black=0.06 (flawless) .  Mistake:       	White=1     	Black=1      Inaccurate:     	---       	Black=1      OK:         	White=11    	Black=13     Best:        	White=5     	Black=4      Strong:       	---       	Black=2} 1/2-1/2

[Event "ESP-ch Teams Honor 2024"]
[Site "Melilla"]
[Date "2024.10.16"]
[Round "5.11"]
[White "Macias Pino, Diego"]
[Black "Garrido Outon, Alex"]
[Result "1-0"]
[ECO "D30"]
[WhiteElo "2479"]
[BlackElo "2448"]
[Annotator "RC"]
[PlyCount "45"]
[EventDate "2024.10.11"]
[EventType "team-tourn"]
[EventCountry "ESP"]
[SourceTitle "playchess.com"]
[Source "ChessBase"]
[SourceQuality "1"]
[WhiteTeam "Andreu"]
[BlackTeam "Extremadura"]
[TimeControl "5400+30"]

1. d4 d5 2. c4 e6 3. Nf3 a6 4. cxd5 exd5 5. Nc3 Nf6 6. Bg5 Be6 7. e3 Nbd7 8. Bd3 Bd6 9. Rc1 O-O 10. O-O c6 11. h3 Qb8 12. Bh4 h6 13. Qe1 Re8 14. Nd2 c5 15. Ne2 cxd4 16. Nxd4 Bh2+ 17. Kh1 g5 18. f4 Bxh3 19. gxh3 Bxf4 20. Rxf4 gxf4 21. Nf5 Kh8 22. Bxf6+ Nxf6 23. Qh4 1-0

[Event "ESP-ch Teams Honor 2024"]
[Site "Melilla"]
[Date "2024.10.16"]
[Round "5.13"]
[White "Aravindh, Chithambaram VR."]
[Black "Pranav, V."]
[Result "1/2-1/2"]
[ECO "E35"]
[WhiteElo "2698"]
[BlackElo "2609"]
[Annotator "TA"]
[PlyCount "60"]
[EventDate "2024.10.11"]
[EventType "team-tourn"]
[EventCountry "ESP"]
[SourceTitle "playchess.com"]
[Source "ChessBase"]
[SourceQuality "1"]
[WhiteTeam "Solvay"]
[BlackTeam "Benalmadena"]
[TimeControl "5400+30"]

1. d4 Nf6 2. c4 e6 3. Nc3 Bb4 4. Qc2 d5 5. cxd5 exd5 6. Bf4 {[%emt 0:00:07] The position is equal.} c5 7. dxc5 Nc6 8. e3 O-O 9. Nf3 d4 10. O-O-O Bxc5 11. exd4 Bd6 12. Bxd6 Qxd6 13. a3 {[%emt 0:00:14] Wards off Nb4} Be6 14. Kb1 {[%emt 0:12:36][%cal Od4d5] [#] aiming for d5!} Na5 15. d5 Nxd5 16. Nxd5 Bxd5 17. Bd3 (17. Ng5 $5 g6 $8 18. Ne4 (18. Qd2 Rfd8 $15) 18... Bxe4 19. Rxd6 Bxc2+ 20. Kxc2 $17) 17... g6 {[%emt 0:09:50] [#] Threatens to win with ...Bb3.} 18. Be4 Bxe4 19. Rxd6 Bxc2+ 20. Kxc2 Rac8+ 21. Kb1 Rfe8 22. Re1 Rxe1+ 23. Nxe1 $11 {[%emt 0:00:06][%mdl 4096] Endgame. KRN-KRN} Kf8 24. Rd5 Nc6 25. Rd7 Re8 26. Nf3 Re7 27. Rd2 h6 28. Kc2 Ke8 29. b4 Ne5 30. Nxe5 Rxe5 {[%emt 0:00:04] Not much happened in this game.   Weighted Error Value: White=0.01 (flawless) /Black=0.00 (flawless) .  OK:         	White=14    	Black=13     Best:        	White=3     	Black=1} 1/2-1/2

[Event "ESP-ch Teams Honor 2024"]
[Site "Melilla"]
[Date "2024.10.16"]
[Round "5.16"]
[White "Ladron De Guevara Pinto, Paolo"]
[Black "Korneev, Oleg"]
[Result "1/2-1/2"]
[ECO "D43"]
[WhiteElo "2388"]
[BlackElo "2454"]
[Annotator "ChessBase"]
[PlyCount "68"]
[EventDate "2024.10.11"]
[EventType "team-tourn"]
[EventCountry "ESP"]
[SourceTitle "playchess.com"]
[Source "ChessBase"]
[SourceQuality "1"]
[WhiteTeam "Benalmadena"]
[BlackTeam "Solvay"]
[TimeControl "5400+30"]

1. d4 d5 2. c4 e6 3. Nc3 c6 4. Nf3 Nf6 5. Qc2 Nbd7 6. e4 dxe4 7. Nxe4 Nxe4 8. Qxe4 Bb4+ 9. Bd2 Bxd2+ 10. Nxd2 c5 11. dxc5 Qa5 12. Qe3 Qxc5 13. Qxc5 Nxc5 14. b4 Nd7 15. Be2 b6 16. Bf3 Rb8 17. a3 Ke7 18. Rc1 Rd8 19. Rc3 Ne5 20. Be2 a5 21. Nf3 axb4 22. axb4 Nxf3+ 23. Bxf3 Bb7 24. Bxb7 Rxb7 25. Ke2 Ra7 26. Rc2 Rd4 27. Rd1 Rxd1 28. Kxd1 Ra4 29. Rb2 Kd6 30. Kc2 Ra3 31. Rb3 Ra2+ 32. Rb2 Ra3 33. Rb3 Ra2+ 34. Rb2 Ke5 1/2-1/2